 Dungeon Crawl Stone Soup version 0.31-a0-801-gc67433417a (webtiles) character file.

Game seed: 5052089036646454321

2 GordonOverkill the Sneak (level 1, -3/13 HPs)
             Began as a Deep Elf Delver on Sept 20, 2023.
             Succumbed to an orc's poison
             ... on level 5 of the Dungeon.
             The game lasted 00:00:34 (54 turns).

GordonOverkill the Sneak (Deep Elf Delver)            Turns: 54, Time: 00:00:35

Health: -3/13      AC: 10    Str:  9    XL:     1   Next: 25%
Magic:  3/3        EV: 12    Int: 14    God:
Gold:   0          SH:  0    Dex: 16    Spells: 0/0 levels left

rFire   . . .        h - +0 flail (protect)
rCold   . . .        (no shield)
rNeg    . . .        b - +0 leather armour
rPois   .            (no helmet)
rElec   .            (no cloak)
rCorr   .            (no gloves)
SInv    .            (no boots)
Will    .....        (no amulet)
Stlth   +++          (no ring)
HPRegen 0.22/turn    (no ring)
MPRegen 0.08/turn

%: no passive effects
@: lethally poisoned (-3 -> -22), under a protective aura
A: no striking features
a: no special abilities


You were on level 5 of the Dungeon.
You visited 1 branch of the dungeon, and saw 2 of its levels.

Inventory:

Hand Weapons
 a - a +0 short sword
 h - a +0 flail of protection (weapon)
Armour
 b - a +0 leather armour (worn)
Wands
 g - a wand of digging (3)
Scrolls
 c - a scroll of fog
 d - a scroll of revelation
 e - a scroll of fear
Potions
 f - a potion of haste
 i - a potion of attraction {unknown}


   Skills:
 + Level 2.5 Fighting
 - Level 2.0 Short Blades
 - Level 2.4 Dodging
 - Level 6.0 Stealth


You couldn't memorise any spells.
You didn't know any spells.
Your spell library was empty.

Dungeon Overview and Level Annotations

Branches:
Dungeon (6/15)
 Temple: D:4-7

Altars:

Shops:
D:5 *


Message History

The orc is severely wounded.
The orc hits you but does no damage. The orc barely misses you.
You barely miss the orc.
The orc is severely wounded.
The orc closely misses you.
You closely miss the orc.
The orc is severely wounded.
The orc hits you but does no damage.
You hit the orc.
The orc is almost dead.
The orc closely misses you. x2
You sock the orc!
You kill the orc!
You hit the orc.
The orc is lightly wounded.
The orc hits you but does no damage.
You hit the orc.
The orc is lightly wounded.
The orc closely misses you.
You barely miss the orc.
The orc is lightly wounded.
The orc hits you but does no damage.
You are poisoned.
You barely miss the orc.
The orc is lightly wounded.
* * * LOW HITPOINT WARNING * * *
You feel very sick. The orc closely misses you.
The orc hits you but does no damage.
You are lethally poisoned!
You hit the orc.
The orc is almost dead.
* * * LOW HITPOINT WARNING * * *
You feel very sick. The orc hits you but does no damage.
You are more poisoned.
An adder comes into view.
Okay, then.
You sock the orc!
You kill the orc!
You die...

#.###......o...........
#.###.................
....#.........o......
.............o.......
.........#.##o#......
...........##........
.........##.o##......
.........##o>##......
...........##@.......
≈≈≈≈≈≈≈..#.##.#..##..
≈.....≈........ .# .
..⌠.⌠.≈......... ..
...∩..≈.......... ..
..⌠.⌠.≈........... ..
.....≈............ .
≈≈≈≈≈..###.......S


You could see an adder and 2 orcs.

Vanquished Creatures
  2 orcs (D:5)
2 creatures vanquished.

Notes
Turn   | Place    | Note
-------+----------+-------------------------------------------
     0 | D:5      | GordonOverkill the Deep Elf Delver began the quest for the
                  | Orb.
     0 | D:5      | Reached XP level 1. HP: 13/13 MP: 3/3
     1 | D:5      | Found Gozag's Platinum Reserve.
    38 | D:6      | Noticed a bullfrog
    54 | D:5      | Succumbed to an orc's poison

Illustrated notes

Levels and vault maps discovered:
D:5:      layout_basic, nicolae_gozag_zags_fifth_avenue, st_stairs_7,
          grunt_ministairs_4
D:6:      minmay_chambers_of_sixes, layout_loops_corners, tso_altar,
          gammafunk_temple_overflow_statue, minmay_temple_entry_overgrown,
          gammafunk_ghost_split

Action                     || total
---------------------------++-------
  Melee: Flail             ||    13
 Armour: Leather armour    ||     8
  Dodge: Dodged            ||    12

Table legend: (Time is in decaauts)
 A = Elapsed time spent in this place.
 B = Non-inter-level travel time spent in this place.
 C = Inter-level travel time spent in this place.
 D = Time resting spent in this place.
 E = Time spent auto-exploring this place.
 F = Levels seen in this place.
 G = Mean time per level.
                   A        B        C        D        E       F      G
               +--------+--------+--------+--------+--------+-----+--------+
         Total |     58 |     58 |      0 |      0 |      0 |   2 |   29.0 |
       Dungeon |     58 |     58 |      0 |      0 |      0 |   2 |   29.0 |
               +--------+--------+--------+--------+--------+-----+--------+

Top non-repeatable levels by time:
     D:5: 56 daAuts
     D:6: 1 daAuts
